Cogmind - Beta 15 --- EXPLORER MODE // 2025.07.04 @ 21:08:30 // Winter2019/RPGLIKE Player: User15V Result: Destroyed by 40-15M(R) with Subdweller Machine Gun Performance ------------- Evolutions (0) 0 Regions Visited (2) 400 Robots Destroyed (24) 120 Value Destroyed (674) 674 Prototype IDs (11) 220 Alien Tech Used (0) 0 Bonus (0) 0 TOTAL SCORE: 1414 Bonus ------- None Cogmind --------- Core Integrity 0/600 Matter 267/300 Energy 170/170 System Corruption 2% Temperature Cool (0) Movement Walking (120) Location -10/Subcaves Parts ------- > --- POWER (1) -------- Makeshift Power Source > --- PROPULSION (2) --- Improved Aluminum Leg Improved Aluminum Leg > --- UTILITY (3) ------ Improved Terrain Scanner Targeting Computer Hardened Light Armor Plating > --- WEAPON (2) ------- Autogun Autogun > --- INVENTORY (4) ---- Autogun Autogun Grenade Launcher Makeshift Sword Peak State ------------ > --- POWER ------------ Makeshift Power Source > --- PROPULSION ------- Improved Aluminum Leg Improved Aluminum Leg > --- UTILITY ---------- Improved Terrain Scanner Targeting Computer Hardened Light Armor Plating > --- WEAPON ----------- Autogun Makeshift Sword > --- INVENTORY -------- Autogun Autogun Autogun Grenade Launcher [Rating: 20] Favorites ----------- Power Makeshift Power Source Engine Makeshift Power Source Propulsion Improved Aluminum Leg Leg Improved Aluminum Leg Utility Targeting Computer Device Improved Terrain Scanner Processor Targeting Computer Protection Hardened Light Armor Plating Weapon Autogun Ballistic Gun Autogun Launcher Grenade Launcher Slashing Weapon Makeshift Sword Build | -11 -10 -10 ------- Run | Yrd Mat Sub Slots Evolved 4 | 4 . . Power . | . . . Propulsion 1 | 1 . . Utility 2 | 2 . . Weapon 1 | 1 . . Parts Attached 16 | 6 6 4 Power 2 | 1 . 1 Engine 2 | 1 . 1 Core . | . . . Reactor . | . . . Propulsion 4 | 2 2 . Treads . | . . . Leg 4 | 2 2 . Wheel . | . . . Hover . | . . . Flight . | . . . Utility 3 | 2 1 . Device 1 | 1 . . Storage . | . . . Processor 1 | 1 . . Hackware . | . . . Protection 1 | . 1 . Artifact . | . . . Weapon 7 | 1 3 3 Energy Gun . | . . . Energy Cannon . | . . . Ballistic Gun 5 | 1 3 1 Ballistic Cannon . | . . . Launcher 1 | . . 1 Special Weapon . | . . . Impact Weapon . | . . . Slashing Weapon 1 | . . 1 Piercing Weapon . | . . . Special Melee Weapon . | . . . Unidentified Prototypes . | . . . Parts Lost . | . . . Power . | . . . Propulsion . | . . . Utility . | . . . Weapon . | . . . Highest Loss Streak . | . . . To Critical Strikes . | . . . Average Backups 2 | . 1 3 Power . | . . . Propulsion . | . . . Utility . | . . . Weapon 2 | . 1 3 Tool/Special . | . . . Unused Backups 1 | . . 1 Power . | . . . Propulsion . | . . . Utility . | . . . Weapon 1 | . . 1 Tool/Special . | . . . Average Slot Usage (%) 98 | . 92 100 Engine 12 | . 12 12 Leg 25 | . 25 25 Device 12 | . 12 12 Processor 12 | . 12 12 Protection 10 | . 7 12 Ballistic Gun 24 | . 22 24 Peak Build Rating 20 | 8 15 20 Average Rating 15 | 4 12 17 On Entrance 7 | . 8 15 Naked Turns . | . . . Heaviest Build 17 | 8 17 17 Greatest Support 26 | 20 26 26 Greatest Overweight (x) . | . . . Average Overweight (x) . | . . . Largest Inventory Capacity 4 | 4 4 4 Average Capacity 4 | 4 4 4 Most Carried 4 | 4 3 4 Average Carried 2 | . 1 3 Final Capacity 4 | 4 4 4 Final Carried 4 | . 3 4 Class Distribution -------------------- 100% | Hacker-Mutant Dominant Class ---------------- Hacker-Mutant | -10/Materials Hacker-Mutant | -10/Subcaves Resources | -11 -10 -10 ----------- Run | Yrd Mat Sub Matter Collected 976 | 268 195 513 Remotely . | . . . Salvage Created 954 | 106 189 659 Parts 62 | 8 19 35 Haulers Intercepted . | . . . Recyclers Shooed 1 | . 1 . Parts Field Recycled . | . . . Retrieved Matter . | . . . Parts Self-Destructed . | . . . Prevented . | . . . Kills | -11 -10 -10 ------- Run | Yrd Mat Sub Combat Hostiles Destroyed 18 | . 6 12 Guns 18 | . 6 12 Classes Destroyed 7 | 2 3 2 Tunneler 2 | 2 . . Recycler 1 | 1 . . Watcher 3 | . 3 . Swarmer 4 | . 4 . Grunt 2 | . 2 . Sentry 1 | . . 1 Subdweller 11 | . . 11 Best Kill Streak 4 | 2 4 3 Combat Bots Only 3 | . 3 3 Max Kills in Single Turn 1 | 1 1 1 Gunslinging . | . . . Exploded . | . . . Melee . | . . . Uniques/NPCs Destroyed . | . . . Combat | -11 -10 -10 -------- Run | Yrd Mat Sub Hostile Shots Fired 126 | . 30 96 Missed 31 | . 6 25 Hits 95 | . 24 71 Projectile 95 | . 24 71 Critical Strikes 3 | . . 3 Damage Taken 1189 | . 118 1071 Core 851 | . 93 758 Absorbed by Shields . | . . . Redirected to Core 754 | . 71 683 Ignored by Resistances 697 | . 89 608 Core Remaining (%) 100 | 100 . . Volleys Fired 89 | 8 25 56 Largest 2 | 1 2 2 Hottest 46 | 20 46 46 Shots Fired 156 | 8 37 111 Gun 155 | 8 37 110 Cannon . | . . . Launcher 1 | . . 1 Special . | . . . Kinetic 155 | 8 37 110 Thermal . | . . . Explosive 1 | . . 1 Electromagnetic . | . . . Robot Hit Streak 29 | 6 15 29 Robot Miss Streak 2 | 1 1 2 Penetration Max . | . . . Secondary Targets 2 | . 1 1 Max Gunslinging Chain 1 | . 1 1 Shots Hit Robots 131 | 7 31 93 Core Hits 41 | 4 13 24 Critical Kills 1 | . . 1 Critical Parts Destroyed . | . . . Critical Strikes 1 | . . 1 Destroy 1 | . . 1 Melee Attacks 1 | . . 1 Impact . | . . . Slashing 1 | . . 1 Piercing . | . . . Sneak Attacks . | . . . Combat Hostiles . | . . . Follow-up Attacks . | . . . Damage Inflicted 1854 | 95 450 1309 Guns 1854 | 95 450 1309 Cannons . | . . . Explosions . | . . . Melee . | . . . Ramming . | . . . Kinetic 1854 | 95 450 1309 Thermal . | . . . Explosive . | . . . Electromagnetic . | . . . Impact . | . . . Slashing . | . . . Piercing . | . . . Highest Corruption 2 | . 2 2 Average Corruption 1 | . 1 2 Corruption Purged . | . . . Corruption Blocked . | . . . Effects 30 | . . 30 Message Errors 6 | . . 6 Matter Fused 7 | . . 7 Heat Flow Errors 7 | . . 7 Energy Discharges 4 | . . 4 Data Loss (minor) 3 | . . 3 Misfires 1 | . . 1 Alerts 1 | . . 1 Weapon Failures 1 | . . 1 Overload Shots . | . . . Overflow Damage . | . . . Projectiles . | . . . Explosions . | . . . Melee . | . . . Knockbacks . | . . . Impact . | . . . Kinetic . | . . . Secondary . | . . . Self-Inflicted Damage . | . . . Shots . | . . . Rammed . | . . . Targets Rammed . | . . . Kicked . | . . . Crushed . | . . . Highest Temperature 273 | . 72 273 Average Temperature 97 | . 29 122 Received Heat Transfer 258 | . 21 237 Siege Activations . | . . . Martial Activations . | . . . Shielding Activations . | . . . Robots Disrupted . | . . . Combat Hostiles . | . . . Robots Corrupted . | . . . Combat Hostiles . | . . . Parts Fried . | . . . Impact Corruptions . | . . . Robots Melted . | . . . Combat Hostiles . | . . . Parts Melted 1 | . . 1 Heat Transferred . | . . . Parts Sabotaged . | . . . Parts Stolen . | . . . Parts Stripped . | . . . Power Chain Reactions . | . . . Alert | -11 -10 -10 ------- Run | Yrd Mat Sub Maximum Alert Level . | . . . Low Security (%) 100 | 100 100 . Level 1 . | . . . Level 2 . | . . . Level 3 . | . . . Level 4 . | . . . Level 5 . | . . . High Security . | . . . Max Security . | . . . Peak Influence 92 | 5 92 . Initial . | . . . Average 16 | 1 18 . Influence Increases 251 | 15 201 35 Destroy 0b10 Robot/C 140 | . 120 20 Destroy 0b10 Robot/NC 30 | 15 15 . Destroy Leader 36 | . 36 . Lose Combat Pursuer 45 | . 30 15 Influence Decreases 251 | 15 201 35 Time Decay 251 | 15 201 35 Squads Dispatched . | . . . Investigation . | . . . Extermination . | . . . Reinforcement . | . . . Assault . | . . . Garrison . | . . . Intercept . | . . . Searches Triggered . | . . . Construction Impeded . | . . . Haulers Reinforced . | . . . Active Scanning Responses . | . . . Cargo Convoy Interrupts . | . . . Stealth | -11 -10 -10 --------- Run | Yrd Mat Sub Distress Signals . | . . . Communications Jammed . | . . . Distress Signals . | . . . Times Spotted 27 | . 12 15 Peak Tracking Total 4 | . 4 3 Tactical Retreats 3 | . 2 1 Traps | -11 -10 -10 ------- Run | Yrd Mat Sub Traps Triggered 5 | . 2 3 Indirectly . | . . . Trap Hack Attempts . | . . . Triggered . | . . . Disarmed . | . . . Reprogrammed . | . . . Reused . | . . . Traps Extracted . | . . . Installed . | . . . Triggered . | . . . Machines | -11 -10 -10 ---------- Run | Yrd Mat Sub Machines Disabled . | . . . Max in Single Turn . | . . . Machines Repaired . | . . . Machines Dismantled . | . . . Machines Sabotaged . | . . . Overloaded Fab Kills . | . . . Hacking | -11 -10 -10 --------- Run | Yrd Mat Sub Machines Accessed 1 | . . 1 Terminals . | . . . Fabricators . | . . . Repair Stations . | . . . Recycling Units . | . . . Scanalyzers . | . . . Garrison Access . | . . . Total Hacks 3 | . . 3 Successful 3 | . . 3 Failed . | . . . Catastrophic . | . . . Database Lockouts . | . . . Manual . | . . . Terminals . | . . . Fabricators . | . . . Repair Stations . | . . . Recycling Units . | . . . Scanalyzers . | . . . Garrison Access . | . . . Terminal Hacks 3 | . . 3 Record 2 | . . 2 Proto ID Catalog 1 | . . 1 Fabricator Hacks . | . . . Repair Station Hacks . | . . . Recycling Unit Hacks . | . . . Scanalyzer . | . . . Garrison Access Hacks . | . . . Unauthorized Hacks . | . . . Terminals . | . . . Fabricators . | . . . Repair Stations . | . . . Recycling Units . | . . . Scanalyzers . | . . . Garrison Access . | . . . Data Cores Recovered . | . . . Used . | . . . Hacking Detections . | . . . Full Trace Events . | . . . Feedback Events . | . . . Feedback Blocked . | . . . Robot Schematics Acquired . | . . . Robots Built . | . . . Authchips . | . . . Time . | . . . Total Robot Build Rating . | . . . Part Schematics Acquired . | . . . Parts Built . | . . . Authchips . | . . . Time . | . . . Total Part Build Rating . | . . . Parts Repaired . | . . . Time . | . . . Parts Recycled . | . . . Recycled Matter . | . . . Retrieved Matter . | . . . Retrieved Components . | . . . Parts Scanalyzed . | . . . Part Schematics Acquired . | . . . Parts Damaged . | . . . Bothacking | -11 -10 -10 ------------ Run | Yrd Mat Sub Used RIF Installer . | . . . Robots Hacked . | . . . Non-combat . | . . . Combat . | . . . Robot Hacks Applied . | . . . Relay Couplers Released . | . . . Fabnet Peak Effective % . | . . . Robots Rewired . | . . . Allies Hacked . | . . . Hacks Repelled . | . . . Allies | -11 -10 -10 -------- Run | Yrd Mat Sub Total Allies . | . . . Largest Group . | . . . Highest-Rated Group . | . . . Highest-Rated Ally . | . . . Total Orders . | . . . Ally Attacks . | . . . Total Damage . | . . . Kills . | . . . Allies Corrupted . | . . . Allies Melted . | . . . Intel | -11 -10 -10 ------- Run | Yrd Mat Sub Active Infowar (turns) 2427 | 2 610 1815 Terrain 2427 | 2 610 1815 Robot Analysis Total . | . . . Derelict Logs Recovered 1 | . . 1 Drone Launches . | . . . Drone Recoveries . | . . . Exploration | -11 -10 -10 ------------- Run | Yrd Mat Sub Turns Passed 2493 | 68 610 1815 Spaces Moved 1423 | 41 363 1019 Core 12 | 12 . . Treads . | . . . Legs 1411 | 29 363 1019 Wheels . | . . . Hover . | . . . Flight . | . . . Fastest Speed 50 | 50 120 120 Average Speed 119 | 99 120 120 Slowest Speed 120 | 120 120 120 Overloaded Moves . | . . . Propulsion Burnouts . | . . . Robots Hopped . | . . . Potential Cave-ins . | . . . Cave-ins Triggered . | . . . Exploration Rate (%) 47 | 3 71 67 Regions Visited 2 Branch Regions 1 Pre-discovered Areas . | . . . Known Exits Taken 2 | 1 1 . Unknown Exits Taken . | . . . Scrap Searched 1 | . . 1 Spaces Dug . | . . . Terrain Destroyed 9 | . . 9 Melee . | . . . Projectile . | . . . AOE 9 | . . 9 Terrain Rammed . | . . . Walls Destroyed . | . . . Machines Disabled . | . . . Actions | -11 -10 -10 --------- Run | Yrd Mat Sub Total 2084 | 60 505 1519 Wait 522 | . 93 429 Move 1421 | 40 362 1019 Hop . | . . . Pick Up 17 | 6 9 2 Fast Attach . | . . . Attach 11 | 6 4 1 Detach . | . . . Swap 5 | . 2 3 Drop 5 | . 4 1 Fire 89 | 8 25 56 Melee 1 | . . 1 Ram . | . . . Kick . | . . . Crush . | . . . Escape Stasis . | . . . Rewire . | . . . Trap . | . . . Miscellaneous 13 | . 6 7 Route ------- -11/Scrapyard -10/Materials (discovered 6 exits: *Mat x3 / *Min x2 / *Sub) -10/Subcaves (discovered 2 exits: *Mat x2) History --------- Turn | Location | Event 1 | -11/Scrapyard | Upgraded with Propulsion slot (x1) 1 | -11/Scrapyard | Upgraded with Utility slot (x2) 1 | -11/Scrapyard | Upgraded with Weapon slot (x1) 8 | -11/Scrapyard | Identified exit to Materials 8 | -11/Scrapyard | Discovered exit to Materials (range 15) 69 | -11/Scrapyard | Entered Materials 105 | -10/Materials | Identified exit to Materials 105 | -10/Materials | Discovered exit to Materials (range 14) 224 | -10/Materials | Identified exit to Mines 224 | -10/Materials | Discovered exit to Mines (range 15) 291 | -10/Materials | Discovered exit to Materials (range 15) 314 | -10/Materials | Build established: Hacker-Mutant 435 | -10/Materials | Discovered exit to Mines (range 15) 511 | -10/Materials | Identified exit to Subcaves 511 | -10/Materials | Discovered exit to Subcaves (range 16) 512 | -10/Materials | Discovered exit to Materials (range 14) 679 | -10/Materials | Entered Subcaves 681 | -10/Subcaves | Reached level 2 730 | -10/Subcaves | A swath of the cavern ceiling suddenly collapsed 964 | -10/Subcaves | Identified exit to Materials 964 | -10/Subcaves | Discovered exit to Materials (range 16) 1009 | -10/Subcaves | Shifting Twisted Machinery released Sub. Power Source 1017 | -10/Subcaves | Discovered exit to Materials (range 12) 1024 | -10/Subcaves | Shifting Twisted Machinery released Mak. Power Source 1079 | -10/Subcaves | A Subdweller sparked back to life 1079 | -10/Subcaves | A Subdweller sparked back to life 1079 | -10/Subcaves | A Subdweller sparked back to life 1554 | -10/Subcaves | Shifting Twisted Machinery released Sub. Machine Gun 1587 | -10/Subcaves | Shifting Twisted Machinery released Battle Rifle 1651 | -10/Subcaves | A swath of the cavern ceiling suddenly collapsed 1696 | -10/Subcaves | Ambushed by Subdwellers from Twisted Machinery 1698 | -10/Subcaves | Core integrity fell below 50% 1991 | -10/Subcaves | Shifting Twisted Machinery released Sub. Laser 1995 | -10/Subcaves | Shifting Twisted Machinery released Sub. Monowheel 2073 | -10/Subcaves | Learned Materials stockpile data 2088 | -10/Subcaves | Visited 4L-MR0's lab 2136 | -10/Subcaves | Core integrity fell below 20% 2494 | -10/Subcaves | Destroyed by 40-15M(R) with Subdweller Machine Gun Last Messages --------------- Tower Shield Power Bank Rainbow Chip VL-GR5's Exoskeleton "Deathgrip" Powered Cannon >>Record "Tripod Weapons Platform" 7R-MNS was supposed to bring back the platform for more tweaks after testing it for a bit. No idea where they're off to now... >>Record "Deathgrip" I know VL-GR5 is out there, somewhere, fighting for the freedom of Derelicts everywhere. And definitely doing it in style. I must say I hope some of my less welcome recent visitors run into him sometime. 02203_ System corrupted: Component data lost. 02373_ System corrupted: Heat flow error (+298). 02426_ DKP/4|%TTM SN%Z1O9UV0= C7 02479_ System corrupted: Matter fused (-9). Map ----- +----------------------------------------------------+ | # ##### % ### ### | | ##### ## # ## | | #?#### ##### ###### ## | | #### % ###### ### ###### | | #### % ###### ## ### | | ##### ########### ### #" #### | | ##### ############## ### ### "" ##### | | ??### ################ ## ####" "###### | | ?##?# ########### ### ### ###" "##### | | ??## ############### ## ### ### ##### | | ??## ####?########### R #### ### #### | | ??? #######?######## ### #### ### | | ??# ?#? "######### #### ### | | ????? ??### ""####### ### #### | | ?????? ## "###### #### #### | | ????? ? ######## ## #### ##### | | ????? ? ########## ##^ ### "" ##### | | ???? ############ ### ### "####### | | ???? #? ######" ###### #### ## ######### | | ???#### ###### """" # #### ######### | | ??#?## #######"""" ## ######### | | ??#### ########""" ## ^ ######### | | ####### ########"" ######### | | ?#??##############" ###^ ####?#?### | | ?#################""""## # # ###?###### | | ##################"""####@ ^ ## #?#?##### | | ##################" "#### ["" ## ########## | | ################### ##### ^####""" "########## | | ############ ###### ####!] #### """""["""######### | | ########## ## #%% #####" ##"""""######## | | ########## # # !=############""""######## | | ########## ###### ## ##;############ """######## | | ########### ######################### "?######## | | ########## ########## ##"#"######### ""######### | | ########## ######## """##""########"" ""######### | | ########### ##### ""#####"""####"""###?######## | | ########## ##### ""#"###""""################### | | ###### ##### ""#####" "#################### | | ### ##### #####"#"#"#"########?########## | | # ######## ##"##"####"##?#####?########## | | ###############"#"""#"#?#####????######### | | ###################""""""#"#######??#?######## | | ####################"####"""######?#####?###### | | ### ############## "########"#?################# | | ## # ######### ######""##################### | | ## ######### #####"######?################ | | ######## ############################# | | # ##### ############################ | | ### #### ##### #################### | | ## ### ### ## #################### | +----------------------------------------------------+ Best States ------------- Heat Dissipation 25 Energy Generation 15 Energy Capacity 250 Matter Stores 300 Matter Capacity 300 Sight Range 16 Terrain Scan Range 16 Terrain Scan Density 510 Armor Coverage 150 Resistance: KI 35 Resistance: TH 35 Resistance: EX 35 Resistance: EM 35 Resistance: I 35 Resistance: S 35 Resistance: P 35 Evasion (%) 55 Targeting Accuracy 5 Offensive Hacking 20 Item Schematics ----------------- None Robot Schematics ------------------ None Fabricated ------------ Nothing Repaired ---------- Nothing Alien Tech Used ----------------- None Achievements -------------- None Challenges ------------ None RPGLIKE | -11 -10 -10 --------- Run | Yrd Mat Sub Levels Raised 1 | . . 1 XP Earned 7850 | 6000 750 1100 XP Spent 5450 | 5450 . . Upgrades 13 | 13 . . Propulsion Slot 1 | 1 . . Utility Slot 2 | 2 . . Weapon Slot 1 | 1 . . Inventory Capacity 4 | 4 . . Terrain Scan Density 5 | 5 . . Protomatter Created 157 | . 49 108 Integrity Restored 260 | . 107 153 Core 246 | . 93 153 Parts 14 | . 14 . Protomatter Decayed 87 | . 11 76 Game ------ Seed TiamatConcussiveCharger Manual? 0 Play Time 00:10:21 Cumulative 958.4 hours Start 2025.07.04 @ 20:49:12 End 2025.07.04 @ 21:08:30 Sessions 1 Manual Loads 0 Difficulty Explorer Special Mode Winter2019/RPGLIKE Game No. 262 Rogue 104 Adventurer 111 Explorer 47 Win Type - Total 44 Types 21/6/1/7/2/1/1/1/1/3 Lore% 93 Gallery% 97 Achievement% 96 Wizard Run 0 Options --------- Layout 2 ASCII 0 Keyboard 0 Movement Mouse Keybinds 0 Fullscreen 2 Font 24/Smallcaps Map View 50x44 Zoom Use 0% Tactical HUD 1 Map Filters NONE Filters NONE Steam 1 RUN: 2434a998-c4f1-4de9-a010-a11463399c77